 Dungeon Crawl Stone Soup version 0.16.1-4-g8e1b745 (webtiles) character file.

9212 vatarom the Thaumaturge (level 11, -5/88 HPs)
             Began as a Purple Draconian Conjurer on Mar 26, 2015.
             Was an Elder of Vehumet.
             Slain by a wolf (6 damage)
             ... on level 2 of the Lair of Beasts.
             The game lasted 00:37:19 (13097 turns).

vatarom the Thaumaturge (DrCj)                     Turns: 13097, Time: 00:37:19

Health: -5/88      AC: 11    Str: 10    XL:     11   Next: 20%
Magic:  15/30      EV: 11    Int: 19    God:    Vehumet [****..]
Gold:   542        SH:  3    Dex: 12    Spells: 8 memorised, 5 levels left

rFire  . . .     SeeInvis .     p - +4 spear (venom)
rCold  + . .     Rnd*Rage +     (armour unavailable)
rNeg   . . .     SustAb   .     E - +0 buckler
rPois  .         Gourm    .     (helmet restricted)
rElec  .         Spirit   .     F - +1 cloak
rCorr  .         Warding  .     (no gloves)
rMut   .         Stasis   .     i - +1 pair of boots
MR     +....                    (no amulet)
Stlth  ++........               (no ring)
                                g - ring of teleport control

@: somewhat resistant to hostile enchantments, unstealthy
A: breathe power, unfitting armour, berserk 1, cold resistance 1, cold-blooded,
MP-powered wands 1, AC +7
a: Breathe Dispelling Energy, Renounce Religion, Evoke Teleport Control


You were on level 2 of the Lair of Beasts.
You worshipped Vehumet.
Vehumet was greatly pleased with you.
You were not hungry.

You visited 3 branches of the dungeon, and saw 14 of its levels.
You also visited: Sewer.

You collected 542 gold pieces.

Inventory:

Hand weapons
 p - a +4 spear of venom (weapon)
Armour
 i - a +1 pair of boots (worn)
 E - a +0 buckler (worn)
 F - a +1 cloak (worn)
Jewellery
 g - a ring of teleport control (left hand)
 t - an uncursed ring of flight
 B - an uncursed ring of ice
Magical devices
 b - a wand of digging (11)
 f - a wand of magic darts (28)
 o - a wand of confusion (28)
 x - a wand of digging (11)
 y - a wand of confusion (24)
 z - a wand of flame (32)
 A - a wand of cold (5)
 G - a wand of lightning (9)
Scrolls
 a - 8 scrolls of remove curse
 e - 12 scrolls of identify
 k - a scroll of enchant armour
 l - 3 scrolls of magic mapping
 m - 4 scrolls of recharging
 s - a scroll of fog
 C - a scroll of amnesia
Potions
 d - 2 potions of restore abilities
 n - 2 potions of resistance
 v - a potion of agility
Books
 c - a book of Conjurations

   Spells                             Type                      Level
   a - Magic Dart                     Conjuration                  1
   b - Searing Ray                    Conjuration                  2
   c - Dazzling Spray                 Conjuration/Hexes            3
   d - Fulminant Prism                Conjuration/Hexes            4
   e - Iskenderun's Mystic Blast      Conjuration                  4
   f - Iskenderun's Battlesphere      Conjuration/Charms           5
 h - a book of Fire

   Spells                             Type                      Level
   a - Ignite Poison                  Fire/Transmutation           5
   b - Fireball                       Conjuration/Fire             5
   c - Bolt of Fire                   Conjuration/Fire             6
   d - Delayed Fireball               Conjuration/Fire             7
   e - Ring of Flames                 Charms/Fire                  7
 w - a book of Annihilations {highlevel}

   Spells                             Type                      Level
   a - Poison Arrow                   Conjuration/Poison           6
   b - Chain Lightning                Conjuration/Air              8
   c - Lehudib's Crystal Spear        Conjuration/Earth            8
   d - Glaciate                       Conjuration/Ice              9
   e - Fire Storm                     Conjuration/Fire             9
Comestibles
 j - 4 slices of pizza
 q - 2 bread rations
 r - 2 fruits
 u - 5 beef jerkies


   Skills:
 - Level 5.3 Fighting
 - Level 1.7 Dodging
 - Level 1.7 Stealth
 - Level 11.0 Spellcasting
 + Level 10.8 Conjurations
 - Level 2.2 Hexes
 - Level 4.1 Charms
 + Level 7.9 Fire Magic


You had 5 spell levels left.
You knew the following spells:

 Your Spells              Type           Power        Failure   Level  Hunger
a - Magic Dart            Conj           ####         1%          1    None
b - Searing Ray           Conj           ######       1%          2    None
c - Dazzling Spray        Conj/Hex       #####...     1%          3    None
d - Iskenderun's Mystic   Conj           ######..     1%          4    ##.....
e - Fulminant Prism       Conj/Hex       #####.....   2%          4    ##.....
f - Iskenderun's Battles  Conj/Chrm      #####...     4%          5    ####...
g - Fireball              Conj/Fire      #####.....   2%          5    ####...
h - Inner Flame           Hex/Fire       ####....     1%          3    None


Dungeon Overview and Level Annotations

Branches:
Dungeon (11/15)            Temple (1/1) D:5            Lair (2/8) D:9
    Orc (0/4) D:9

Altars:
Ashenzari
Cheibriados
Dithmenos
Elyvilon
Fedhas
Gozag
Kikubaaqudgha
Makhleb
Nemelex Xobeh
Okawaru
Qazlal
Ru
Sif Muna
Trog
Vehumet
Xom
Yredelemnul
Zin
The Shining One
Beogh

Shops:
D:4 ?   D:9 }   D:10 [

Annotations:
D:9 exclusion: oklob plant
D:10 exclusion: oklob plant


Innate Abilities, Weirdness & Mutations

You can breathe bolts of energy.
You can dispel enchantments when you breathe energy.
Your rich purple scales are hard (AC +7).
Your body does not fit into most forms of armour.
Your cold-blooded metabolism reacts poorly to cold.
You tend to lose your temper in combat.
Your flesh is cold resistant.
You expend magic power (3 MP) to slightly strengthen your wands.


Message History

Aim: a wolf The orb of energy hits the wolf.
The wolf is heavily wounded.
The orb of energy explodes!
The mystic blast hits the wolf.
The wolf is heavily wounded.
The wolf closely misses you. The wolf bites you!
* * * LOW HITPOINT WARNING * * *
Unknown command.
Casting: Iskenderun's Mystic Blast
Confirm with . or Enter, or press ? or * to list all spells.
Aiming: Iskenderun's Mystic Blast
Press: ? - help, Shift-Dir - straight line, f/p - wolf
Aim: a wolf (heavily wounded)
The orb of energy hits the wolf.
You kill the wolf!
Vehumet accepts your kill.
You feel your power returning. The wolf bites you!
* * * LOW HITPOINT WARNING * * *
The wolf bites you.
You die...

..........
#.........#
.........+
# ........
#. .....
#.+#.$#
#..†# ##h##
#†@P# #..##
#..# ##.###
#...#
#.##.#
###..##
#...# ##..#


You could see a wolf.

Vanquished Creatures
  Erolcha (D:11)
  An ugly thing (D:11)
  A spiny frog (Lair:1)
  A centaur zombie (D:11)
  A two-headed ogre (D:5)
  2 basilisks (Lair:1)
  A deep elf mage (D:10)
  A wyvern (D:9)
  A human (D:7)
  3 vampire mosquitoes (D:9)
  4 yaks (D:9)
  A hippogriff (D:7)
  4 wolves (Lair:2)
  2 steam dragons (D:6)
  3 wargs (D:9)
  2 orc warriors (D:9)
  2 sky beasts
  A water moccasin (Lair:1)
  3 porcupines
  2 ice beasts
  3 black bears
  3 ogres
  An eye of draining (D:9)
  A crocodile (Lair:1)
  4 centaurs
  6 giant frogs
  2 gnoll sergeants (D:5)
  A water moccasin skeleton (D:8)
  3 scorpions
  An electric eel (Lair:1)
  2 goliath beetles
  3 crimson imps
  A quasit (D:10)
  9 jellies
  A giant frog zombie (D:8)
  7 orc priests
  A centaur skeleton (D:8)
  3 hounds
  4 iguanas
  2 giant frog skeletons
  9 orc wizards
  5 worker ants
  4 sheep (D:7)
  A hound skeleton (D:7)
  A mummy (D:7)
  6 gnolls (D:5)
  13 adders
  4 river rats (Sewer)
  5 shadow imps
  3 giant mites
  7 worms
  9 giant geckos
  16 oozes
  34 orcs
  6 ball pythons
  18 bats
  2 bat skeletons
  A bat zombie (D:6)
  8 giant cockroaches
  14 hobgoblins
  19 jackals
  13 kobolds
  A giant gecko skeleton (D:5)
  9 giant newts
  2 giant spores (D:9)
  10 goblins
  6 quokkas
  2 quokka skeletons
  20 rats
  41 ballistomycetes (D:9)
384 creatures vanquished.

Vanquished Creatures (others)
  A giant frog skeleton (D:5)
  An orc (D:9)
  3 giant spores (D:9)
  A goblin (D:5)
  A jackal skeleton (D:5)
  A rat (D:5)
  2 fungi (D:9)
10 creatures vanquished.

Grand Total: 394 creatures vanquished

Notes
Turn   | Place    | Note
--------------------------------------------------------------
     0 | D:1      | vatarom, the Draconian Conjurer, began the quest for the Orb.
     0 | D:1      | Reached XP level 1. HP: 14/14 MP: 3/3
   212 | D:1      | Reached XP level 2. HP: 17/20 MP: 0/5
   275 | D:1      | Learned a level 2 spell: Searing Ray
   661 | D:2      | Reached XP level 3. HP: 19/26 MP: 2/8
   717 | D:2      | Learned a level 3 spell: Dazzling Spray
   746 | D:2      | Found an iron altar of Okawaru.
  1159 | D:2      | Found a blossoming altar of Fedhas.
  1256 | D:2      | Reached XP level 4. HP: 16/33 MP: 1/11
  1338 | D:2      | Learned a level 4 spell: Iskenderun's Mystic Blast
  1491 | D:2      | Gained mutation: You tend to lose your temper in combat. [potion of mutation]
  1491 | D:2      | Gained mutation: You expend magic power (3 MP) to slightly strengthen your wands. [potion of mutation]
  1920 | D:3      | Found a bloodstained altar of Trog.
  1925 | D:3      | Found a sparkling altar of Nemelex Xobeh.
  1925 | D:3      | Found a white marble altar of Elyvilon.
  1926 | D:3      | Found a deep blue altar of Sif Muna.
  1931 | D:3      | Found a basalt altar of Yredelemnul.
  2056 | D:3      | Found a glowing drain.
  2062 | Sewer    | Entered a sewer
  2075 | Sewer    | Reached XP level 5. HP: 34/38 MP: 9/13
  2089 | Sewer    | Reached skill level 5 in Conjurations
  2848 | D:3      | Noticed a black bear
  2868 | D:3      | Killed a black bear
  2868 | D:3      | Reached skill level 6 in Conjurations
  2868 | D:3      | Reached XP level 6. HP: 28/45 MP: 0/15
  3567 | D:4      | Found Threx's Magic Scroll Boutique.
  3876 | D:4      | Reached skill level 7 in Conjurations
  4031 | D:4      | Your scales start taking on a rich purple colour.
  4031 | D:4      | Reached XP level 7. HP: 48/50 MP: 18/18
  4102 | D:4      | Found a sparkling altar of Nemelex Xobeh.
  4389 | D:5      | Entered Level 5 of the Dungeon
  4487 | D:5      | Reached skill level 1 in Hexes
  4700 | D:5      | Learned a level 4 spell: Fulminant Prism
  4898 | D:5      | Reached skill level 5 in Spellcasting
  5133 | D:5      | Reached skill level 1 in Fighting
  5198 | D:5      | Noticed a two-headed ogre
  5205 | D:5      | Killed a two-headed ogre
  5205 | D:5      | Reached XP level 8. HP: 34/63 MP: 3/21
  5278 | D:5      | Learned a level 5 spell: Iskenderun's Battlesphere
  5539 | D:5      | Reached skill level 1 in Charms
  5545 | D:5      | Reached skill level 8 in Conjurations
  5738 | D:5      | Found a staircase to the Ecumenical Temple.
  5748 | Temple   | Entered the Ecumenical Temple
  5862 | Temple   | Became a worshipper of Vehumet
  7178 | D:6      | Found an iron altar of Okawaru.
  7216 | D:6      | Reached skill level 9 in Conjurations
  7394 | D:7      | Acquired Vehumet's first power
  7394 | D:7      | Offered knowledge of Sandblast by Vehumet.
  7543 | D:7      | Reached XP level 9. HP: 29/69 MP: 14/23
  8225 | D:7      | Reached skill level 10 in Conjurations
  8262 | D:7      | Gained mutation: Your flesh is cold resistant. [mutagenic meat]
  8777 | D:8      | Offered knowledge of Throw Frost by Vehumet.
  8796 | D:8      | Learned a level 5 spell: Fireball
  9059 | D:8      | Reached skill level 1 in Fire Magic
  9613 | D:9      | Found a burning altar of Makhleb.
  9613 | D:9      | Found a shimmering altar of Xom.
  9658 | D:9      | Found a staircase to the Orcish Mines.
  9668 | D:9      | Found a roughly hewn altar of Beogh.
  9740 | D:9      | Found a staircase to the Lair.
  9745 | D:9      | Reached skill level 5 in Fighting
  9745 | D:9      | Reached XP level 10. HP: 78/81 MP: 6/27
  9746 | D:9      | Offered knowledge of Inner Flame by Vehumet.
  9922 | D:9      | Found Goocuikkogg's Gadget Emporium.
  9951 | D:9      | Noticed an oklob plant
  9968 | D:9      | Acquired Vehumet's second power
 10555 | D:9      | Found an opulent altar of Gozag.
 10555 | D:9      | Found a glowing silver altar of Zin.
 10762 | D:9      | Reached skill level 5 in Fire Magic
 10801 | D:9      | Learned a level 3 spell: Inner Flame
 10871 | D:10     | Entered Level 10 of the Dungeon
 10871 | D:10     | Found an iron altar of Okawaru.
 10871 | D:10     | Noticed an oklob plant
 11143 | D:9      | Offered knowledge of Conjure Flame by Vehumet.
 11578 | D:10     | Reached skill level 10 in Spellcasting
 11590 | D:10     | Found Qegaemea's Armour Emporium.
 11594 | D:10     | Noticed a wizard
 11693 | D:11     | Found a shimmering altar of Xom.
 11766 | D:11     | Noticed a brown ugly thing
 11771 | D:11     | Killed a brown ugly thing
 11855 | D:11     | Noticed Erolcha
 11860 | D:11     | Killed Erolcha
 12063 | Lair:1   | Entered Level 1 of the Lair of Beasts
 12113 | Lair:1   | Reached XP level 11. HP: 88/88 MP: 17/30
 12447 | Lair:1   | Reached skill level 11 in Spellcasting
 13083 | Lair:2   | Acquired Vehumet's third power
 13097 | Lair:2   | HP: 1/88 [wolf (7)]
 13097 | Lair:2   | Slain by a wolf

Action                   |  1- 3 |  4- 6 |  7- 9 | 10-12 || total
-------------------------+-------+-------+-------+-------++-------
Melee: Mace              |    30 |       |       |       ||    30
       Unarmed           |     2 |       |       |       ||     2
       Short sword       |    10 |    99 |    75 |       ||   184
       Spear             |       |       |   284 |   295 ||   579
 Cast: Magic Dart        |    55 |    96 |    48 |    20 ||   219
       Searing Ray       |     2 |     7 |    20 |    11 ||    40
       Dazzling Spray    |     1 |    14 |    36 |    20 ||    71
       Iskenderun's Myst |       |     2 |    35 |    39 ||    76
       Iskenderun's Batt |       |       |     4 |    14 ||    18
       Fireball          |       |       |     2 |    10 ||    12
 Abil: Evoke Teleport Co |       |     1 |     1 |       ||     2
       Breathe Dispellin |       |       |     8 |     3 ||    11
  Use: Scroll            |     4 |     8 |     7 |     5 ||    24
       Potion            |     2 |     2 |     7 |     1 ||    12
 Stab: Sleeping          |       |     4 |     3 |     1 ||     8
       Invisible         |       |     3 |     1 |     2 ||     6
       Distracted        |       |       |     1 |       ||     1
  Eat: Bread ration      |     1 |     2 |     1 |     4 ||     8
       Chunk             |       |     1 |     2 |       ||     3
       Meat ration       |       |       |     4 |       ||     4
       Pizza             |       |       |     4 |     1 ||     5
